 Dungeon Crawl Stone Soup version 0.30.0-29-ga12c61a403 (webtiles) character file.

Game seed: 13404591933649139072

25 cheesebisquit the Sneak (level 2, -2/13 HPs)
             Began as a Spriggan Enchanter on June 16, 2023.
             Slain by a gnoll
             ... wielding a +0 spear
              (10 damage)
             ... on level 2 of the Dungeon.
             The game lasted 00:04:01 (974 turns).

cheesebisquit the Sneak (Spriggan Enchanter)         Turns: 974, Time: 00:04:02

Health: -2/13      AC:  2    Str:  4    XL:     2   Next: 86%
Magic:  4/6        EV: 18    Int: 16    God:
Gold:   77         SH:  0    Dex: 21    Spells: 4/6 levels left

rFire   . . .        k - +7 dagger of Linearity {freeze, rElec rCorr}
rCold   . . .        (no shield)
rNeg    . . .        b - +0 robe
rPois   .            (helmet restricted)
rElec   +            (no cloak)
rCorr   +            (gloves unavailable)
SInv    +            (boots unavailable)
Will    .....        l - amulet of magic regeneration
Stlth   +++          d - +6 ring of dexterity
HPRegen 0.22/turn    (no ring)
MPRegen 0.50/turn

%: no passive effects
@: very quick
A: very small, no large weapons, unfitting armour, see invisible, speed 3
a: no special abilities


You were on level 2 of the Dungeon.
You visited 1 branch of the dungeon, and saw 2 of its levels.

You collected 77 gold pieces.

Inventory:

Hand Weapons
 a - a +1 dagger
 h - a +0 sling
 k - the +7 dagger of Linearity (weapon) {freeze, rElec rCorr}
   (You found it on level 2 of the Dungeon)

   rElec:     It insulates you from electricity.
   rCorr:     It protects you from acid and corrosion.
Armour
 b - a +0 robe (worn)
Jewellery
 d - a +6 ring of dexterity (left hand)
 l - an amulet of magic regeneration (around neck)
Scrolls
 i - a scroll of torment {unknown}
Potions
 c - 2 potions of invisibility
 e - 2 potions of might {unknown}
 f - a potion of haste {unknown}
 g - a potion of heal wounds {unknown}
 j - a potion of curing {unknown}


   Skills:
 + Level 3.0 Short Blades
 - Level 2.6 Dodging
 - Level 4.8 Stealth
 - Level 2.6 Spellcasting
 - Level 3.6 Hexes


You had 4 spell levels left.
You knew the following spells:

 Your Spells              Type           Power      Damage    Failure   Level
a - Ensorcelled Hibernat  Hex/Ice        14%        N/A       14%         2

Your spell library contained the following spells:

 Spells                   Type           Power      Damage    Failure   Level
 Confusing Touch          Hex            13%        N/A       13%         3
 Tukima's Dance           Hex            13%        N/A       13%         3
 Dazzling Flash           Conj/Hex       14%        N/A       28%         3
 Ignite Poison            Fire/Tmut/Pois 2%         N/A       50%         3
 Sticky Flame             Conj/Fire      2%         2d3       88%         4
 Ignition                 Fire           1%         3d3       100%        8


Dungeon Overview and Level Annotations

Branches:
Dungeon (2/15)

Altars:


Innate Abilities, Weirdness & Mutations

You are very small and have problems with some larger weapons.
You are too small for most types of armour.
You have supernaturally acute eyesight. (SInv)
You cover ground extremely quickly. (Speed+++)


Message History

Found a dented zirconium amulet.
You see here the +7 dagger of Linearity {freeze, rElec rCorr}.
k - the +7 dagger of Linearity {freeze, rElec rCorr} The +7 dagger of Linearity {freeze, rElec rCorr} glows with a cold blue light!
k - the +7 dagger of Linearity (weapon)
{freeze, rElec rCorr}
l - an amulet of magic regeneration You start putting on your amulet.
You continue putting on your amulet of magic regeneration. x5
You finish putting on your amulet of magic regeneration.
l - an amulet of magic regeneration (around neck)
You don't know any spells.
Memorise Ensorcelled Hibernation, consuming 2 spell levels and leaving 4?
You start memorising the spell.
You continue memorising. x2
You finish memorising.
Spell assigned to 'a'.
A quokka comes into view.
The quokka resists with significant effort.
The quokka resists with significant effort.
The quokka bites you.
The quokka resists with significant effort.
The quokka bites you.
You puncture the quokka! You freeze the quokka.
You kill the quokka!
Your Short Blades skill increases to level 3!
Magic restored. 3 gnolls come into view.
A gnoll is wielding a +2 whip of freezing.
The gnoll shouts! x3
The gnoll looks drowsy...
An adder comes into view.
The gnoll shouts!
The adder hisses angrily.
The gnoll closely misses you. x2
The gnoll is unaffected.
The gnoll hits you from afar with a +0 spear.
The gnoll misses you.
You hit the gnoll. You freeze the gnoll.
The gnoll is moderately wounded.
The gnoll closely misses you.
The gnoll hits you from afar with a +0 spear!
Ouch! That really hurt!
You die... ######## ......# .g.#.# Sg...

#g#.# #@#.#
##.#.#######
#..........#
##.#######.#
.... #.#
###.# #.#
#.# #.# ..#
#.# #.# #.#


You could see 3 gnolls and an adder.

Vanquished Creatures
  2 bats
  3 endoplasms
  A giant cockroach (D:1)
  3 hobgoblins
  4 jackals (D:2)
  A quokka (D:2)
  A ball python (D:1)
  2 frilled lizards (D:2)
  2 goblins
  2 kobolds
  2 rats
23 creatures vanquished.

Notes
Turn   | Place    | Note
-------+----------+-------------------------------------------
     0 | D:1      | cheesebisquit the Spriggan Enchanter began the quest for
                  | the Orb.
     0 | D:1      | Reached XP level 1. HP: 9/9 MP: 5/5
   116 | D:1      | Found a faded altar of an unknown god.
   421 | D:1      | Reached XP level 2. HP: 6/13 MP: 6/6
   882 | D:2      | Identified the +7 dagger of Linearity {freeze, rElec rCorr}
   895 | D:2      | Learned a level 2 spell: Ensorcelled Hibernation
   974 | D:2      | Slain by a gnoll

Illustrated notes

Levels and vault maps discovered:
D:1:      minmay_arrival_loop, layout_basic,
          ebering_ecumenical_altar_sacrificial
D:2:      layout_basic, minmay_split_cup_small

Skill      XL: |  1  2 |
---------------+-------+-----
Short Blades   | 2 3 |  3.0
Dodging        | |  2.6
Stealth        | |  4.8
Spellcasting   | |  2.6
Hexes          | |  3.6

Action                     || total
---------------------------++-------
  Melee: Dagger            ||    83
         Punch             ||     1
   Cast: Ensorcelled Hiber ||     5
   Stab: Sleeping          ||     2
 Armour: Robe              ||     8
  Dodge: Dodged            ||    43
